 Dungeon Crawl Stone Soup version 0.29-a0-359-g541a27f54d (webtiles) character file.

Game seed: 17503466003664490815

280 Morbidden the Sneak (level 6, -2/42 HPs)
             Began as a Demonspawn Brigand on Apr 27, 2022.
             Was a Believer of Hepliaklqana.
             Slain by a yak (8 damage)
             ... on level 4 of the Dungeon.
             The game lasted 00:04:08 (3460 turns).

Morbidden the Sneak (Demonspawn Brigand)            Turns: 3460, Time: 00:04:09

Health: -2/42      AC:  5    Str: 12    XL:     6   Next: 5%
Magic:  7/7        EV: 10    Int: 14    God:    Hepliaklqana [**....]
Gold:   219        SH:  0    Dex: 14    Spells: 7/7 levels left

rFire   . . .      SeeInvis .   a - +2 dagger
rCold   . . .      Faith    .   (no shield)
rNeg    . . .      Spirit   .   p - +2 ring mail {rPois}
rPois   +          Reflect  .   (helmet restricted)
rElec   .          Harm     .   c - +0 cloak
rCorr   .          Rampage  .   (no gloves)
Will    .....                   (no boots)
Stlth   ++........              (no amulet)
HPRegen 0.14/turn               (no ring)
MPRegen 0.10/turn               (no ring)

@: hasted, very quick
A: reduced essence, hooves 1, powered by death 1, horns 1, deformed body
a: Renounce Religion, Recall Ancestor, Ancestor Identity


You were on level 4 of the Dungeon.
You worshipped Hepliaklqana.
Hepliaklqana was pleased with you.
You visited 1 branch of the dungeon, and saw 5 of its levels.

You collected 219 gold pieces.

Inventory:

Hand Weapons
 a - a +2 dagger (weapon)
Missiles
 d - 14 poisoned darts (quivered)
 e - 3 curare-tipped darts
Armour
 c - a +0 cloak (worn)
 p - a +2 ring mail of poison resistance (worn)
 s - the +4 scale mail of Leapfrog {rElec rC+ Will-}
   (You found it on level 4 of the Dungeon)

   rC:        It protects you from cold.
   rElec:     It insulates you from electricity.
   Will:      It decreases your willpower.
Wands
 q - a wand of mindburst (19)
Scrolls
 b - a scroll of magic mapping {unknown}
 f - 2 scrolls of identify {unknown}
 g - 3 scrolls of silence {unknown}
 j - 3 scrolls of teleportation {unknown}
 k - a scroll of noise {unknown}
 o - a scroll of amnesia {unknown}
 r - a scroll of acquirement {unknown}
Potions
 i - a potion of curing {unknown}
 l - a potion of flight {unknown}
 m - a potion of brilliance {unknown}
 n - 2 potions of mutation


   Skills:
 * Level 3.0 Fighting
 * Level 3.4(3.6) Short Blades
 * Level 1.5(2.7) Long Blades
 + Level 1.8 Throwing
 + Level 0.5 Armour
 * Level 1.7 Dodging
 + Level 4.5 Stealth
 * Level 1.2 Spellcasting


You had 7 spell levels left.
You didn't know any spells.
Your spell library contained the following spells:

 Spells                   Type           Power      Damage    Failure   Level
 Dazzling Flash           Conj/Hex       0%         N/A       87%         3
 Cause Fear               Hex            0%         N/A       99%         4
 Agony                    Necr           0%         N/A       100%        5
 Silence                  Hex/Air        0%         N/A       100%        5
 Dragon Form              Tmut           0%         N/A       100%        7
 Dragon's Call            Summ           0%         N/A       100%        9


Dungeon Overview and Level Annotations

Branches:
Dungeon (5/15)
 Temple: D:4-7

Altars:
Elyvilon
Hepliaklqana

Shops:
D:2 *   D:4 ([!


Innate Abilities, Weirdness & Mutations

Your life essence is reduced to manifest your ancestor. (-10% HP)
You have large cloven feet.
You regenerate a little health from kills.
You have a pair of small horns on your head.
Armour fits poorly on your strangely shaped body.


Message History

Unknown command.
You hit the yak but do no damage.
The yak is lightly wounded.
The orc priest miscasts a cantrip.
The yak gores you. The yak gores you!
Tihomir hits the yak with a +0 quarterstaff!
Unknown command.
Unknown command.
The yak attacks as you move away! The yak gores you but does no damage.
The orc priest looks satisfied for a moment.
Tihomir hits the yak with a +0 quarterstaff.
Unknown command.
The orc priest casts a cantrip, but nothing happens.
The yak gores Tihomir!
Tihomir hits the yak with a +0 quarterstaff!
There is a stone staircase leading up here.
Unknown command.
The yak gores you. x2
The orc priest hits you but does no damage.
The orc priest invokes the aid of Beogh against you.
Pain shoots through your body!
* * * LOW HITPOINT WARNING * * *
The yak gores Tihomir!
Tihomir is destroyed!
You climb upwards.
There is a stone staircase leading down here.
Unknown command.
Unknown command.
It was a potion of haste.
You feel yourself speed up. The yak gores you but does no damage.
The orc priest hits you with a +0 dagger.
* * * LOW HITPOINT WARNING * * *
The orc priest hits you with a +0 dagger.
* * * LOW HITPOINT WARNING * * *
Unknown command.
Unknown command.
It was a potion of mutation.
You feel extremely strange.
Your body twists and deforms.
A pair of horns grows on your head! The yak gores you!
You die...

## .# .# ###########
.########.....Yo@o#
........#.#######Y#
.######.#.# #.#
..........#######.#
................#.# #####
..###.#.####.##.#.###...##
..# #)#.........#.##..#R.#
..# #.######.##.#....###.#
#.###.######.##.####..#..#


You could see 2 yaks and 2 orc priests.

Vanquished Creatures
  7 adders
  A worm (D:2)
  2 dart slugs (D:3)
  An orc (D:3)
  8 ball pythons
  7 endoplasms
  A giant cockroach (D:1)
  6 goblins
  6 hobgoblins
  3 jackals (D:2)
  5 quokkas
  2 bats
  4 frilled lizards
  7 kobolds
  8 rats
68 creatures vanquished.

Vanquished Creatures (collateral kills)
  Edmund (D:4)
  An adder (D:3)
  4 orcs
  A bat (D:3)
  An endoplasm (D:4)
  A hobgoblin (D:3)
  A quokka (D:3)
10 creatures vanquished.

Vanquished Creatures (others)
  A battlemage (D:5)
1 creature vanquished.

Grand Total: 79 creatures vanquished

Notes
Turn   | Place    | Note
-------+----------+-------------------------------------------
     0 | D:1      | Morbidden the Demonspawn Brigand began the quest for the
                  | Orb.
     0 | D:1      | Reached XP level 1. HP: 16/16 MP: 1/1
   276 | D:1      | Gained mutation: You regenerate a little health from kills.
                  | [demonic ancestry]
   276 | D:1      | Reached XP level 2. HP: 21/22 MP: 2/2
   673 | D:1      | Reached skill level 4 in Stealth
   816 | D:1      | Reached XP level 3. HP: 27/27 MP: 3/3
   961 | D:2      | Found a faded altar of an unknown god.
   987 | D:2      | Prayed at the altar of an unknown god.
   987 | D:2      | Became a worshipper of Hepliaklqana the Forgotten
   987 | D:2      | Reached * piety under Hepliaklqana
  1194 | D:2      | Reached skill level 1 in Long Blades
  1446 | D:2      | Gained mutation: You have large cloven feet. [demonic
                  | ancestry]
  1446 | D:2      | Reached XP level 4. HP: 22/30 MP: 4/4
  1529 | D:2      | Found Comuemur's Assorted Antiques.
  1544 | D:2      | Reached skill level 1 in Dodging
  2191 | D:3      | Identified the +3 leather armour of the Mantidfly {Str+3}
  2325 | D:3      | Reached ** piety under Hepliaklqana
  2331 | D:3      | Remembered your ancestor Tihomir as a battlemage
  2456 | D:3      | Reached XP level 5. HP: 17/35 MP: 6/6
  2710 | D:4      | Found Penuinog's Antique Armour Emporium.
  2789 | D:4      | Found Dymo's Distillery.
  2923 | D:4      | Identified the +4 scale mail of Leapfrog {rElec rC+ Will-}
  2942 | D:4      | Noticed Edmund
  2954 | D:4      | Killed Edmund
  2955 | D:4      | Reached skill level 1 in Spellcasting
  2955 | D:4      | Reached XP level 6. HP: 24/42 MP: 7/7
  3269 | D:4      | Found Wux Buil's Weapon Shoppe.
  3449 | D:5      | Entered Level 5 of the Dungeon
  3449 | D:5      | Noticed a yak
  3449 | D:5      | Noticed a yak
  3449 | D:5      | Noticed a yak
  3460 | D:4      | Gained mutation: Armour fits poorly on your strangely
                  | shaped body. [potion of mutation]
  3460 | D:4      | Gained mutation: You have a pair of small horns on your
                  | head. [potion of mutation]
  3460 | D:4      | Slain by a yak

Illustrated notes

Levels and vault maps discovered:
D:1:      lemuel_arrival_broad_hall, layout_basic
D:2:      layout_loops_ring, hellmonk_ecumenical_altar_heavens_door,
          serial_shops, shop, basic_altar
D:3:      layout_rooms
D:4:      layout_loops_ring, serial_shops, shop, nicolae_shop_statue_plus, shop,
          feat_on_display, uniq_edmund
D:5:      layout_loops_cross, uniq_pikel, uniq_prince_ribbit1

Skill      XL: |  1  2  3  4  5 |
---------------+----------------+-----
Short Blades   | 2 3 |  3.4
Stealth        | 4 |  4.5
Long Blades    | 1 |  1.5
Dodging        | 1 |  1.7
Fighting       | 3 |  3.0
Spellcasting   | 1 |  1.2
Throwing       | |  1.8
Armour         | |  0.5

Action                   |  1- 3 |  4- 6 || total
-------------------------+-------+-------++-------
Melee: Dagger            |   115 |    95 ||   210
       Kick              |       |    24 ||    24
Throw: Dart              |       |     2 ||     2
Invok: Ancestor Life: Ba |       |     1 ||     1
       Ancestor Identity |       |     1 ||     1
  Use: Potion            |       |     2 ||     2
 Stab: Sleeping          |     8 |     5 ||    13
Armor: Robe              |    31 |     2 ||    33
       Leather armour    |       |     9 ||     9
       Ring mail         |       |    13 ||    13
Dodge: Dodged            |    60 |    35 ||    95

Table legend: (Time is in decaauts)
 A = Elapsed time spent in this place.
 B = Non-inter-level travel time spent in this place.
 C = Inter-level travel time spent in this place.
 D = Time resting spent in this place.
 E = Time spent auto-exploring this place.
 F = Levels seen in this place.
 G = Mean time per level.
                   A        B        C        D        E       F      G
               +--------+--------+--------+--------+--------+-----+--------+
         Total |   3431 |   3395 |     36 |    232 |   2568 |   5 |  686.2 |
       Dungeon |   3431 |   3395 |     36 |    232 |   2568 |   5 |  686.2 |
               +--------+--------+--------+--------+--------+-----+--------+

Top non-repeatable levels by time:
     D:2: 1239 daAuts
     D:1: 864 daAuts
     D:4: 747 daAuts
     D:3: 571 daAuts
     D:5: 8 daAuts
